 Dungeon Crawl Stone Soup version 0.29.0-15-g675c0067aa (webtiles) character file.

Game seed: 1360581663518241570

4020 qw the Cleaver (level 10, 0/86 HPs)
             Began as a Minotaur Berserker on Sept 11, 2022.
             Was a Priest of Trog.
             Slain by an unseen horror (7 damage)
             ... on level 7 of the Dungeon.
             The game lasted 00:02:44 (9437 turns).

qw the Cleaver (Minotaur Berserker)                 Turns: 9437, Time: 00:02:44

Health: 0/86       AC: 15    Str: 26    XL:     10   Next: 3%
Magic:  9/9        EV:  7    Int:  4    God:    Trog [***...]
Gold:   312        SH: 15    Dex: 10    Spells: 9/9 levels left

rFire   + . .      SeeInvis .   v - +0 broad axe (freeze)
rCold   . . .      Faith    .   e - +0 kite shield
rNeg    . . .      Spirit   .   p - +0 chain mail
rPois   .          Reflect  +   (helmet restricted)
rElec   .          Harm     .   (no cloak)
rCorr   .          Rampage  .   c - +2 pair of gloves
Will    +....                   a - +1 pair of boots
Stlth   ..........              x - amulet of reflection
HPRegen 0.24/turn               m - ring of willpower
MPRegen 0.11/turn               b - ring of protection from fire

@: about to teleport
A: horns 2, retaliatory headbutt
a: Renounce Religion, Berserk, Trog's Hand


You were on level 7 of the Dungeon.
You worshipped Trog.
Trog was most pleased with you.
You visited 1 branch of the dungeon, and saw 7 of its levels.
You also visited: Ossuary.

You collected 312 gold pieces.


Innate Abilities, Weirdness & Mutations

You have a pair of horns on your head.
You reflexively headbutt those who attack you in melee.


   Skills:
 - Level 7.3 Fighting
 + Level 12.1 Axes
 - Level 2.6 Throwing
 - Level 6.0 Armour
 - Level 2.1 Dodging
 - Level 9.0 Shields


You had 9 spell levels left.
You didn't know any spells.
Your spell library was empty.

Inventory:

Hand Weapons
 u - a +0 morningstar
 v - a +0 broad axe of freezing (weapon)
Armour
 a - a +1 pair of boots (worn)
 c - a +2 pair of gloves (worn)
 e - a +0 kite shield (worn)
 p - a +0 chain mail (worn)
Jewellery
 b - a ring of protection from fire (right hand)
 i - a ring of fire
 m - a ring of willpower (left hand)
 x - an amulet of reflection (around neck)
Scrolls
 h - a scroll of identify
Potions
 d - a potion of resistance
 g - a potion of brilliance {unknown}
 j - a potion of haste
 k - 2 potions of might
 l - 3 potions of heal wounds
 n - 3 potions of curing
 r - a potion of invisibility {unknown}
 s - a potion of berserk rage {unknown}
 t - a potion of cancellation {unknown}
 z - 2 potions of lignification {unknown}
 A - a potion of mutation {unknown}

Dungeon Overview and Level Annotations

Branches:
Dungeon (7/15)             Temple (0/1) D:4         Ossuary (visited)

Altars:
Okawaru

Annotations:
D:3 1 runed translucent door, qw's ghost, amateur MiBe


Message History

Something hits you but does no damage.
You feel yourself speed up. Something hits you!
Something hits you but does no damage. Something hits you!
You block something's attack. You block something's attack.
You block something's attack. Something hits you.
9426 ||| FLEEEEING.
Something hits you!
9427 ||| FLEEEEING.
Something hits you but does no damage.
There is a stone staircase leading down here.
You block something's attack. Something hits you. Something hits you.
Something hits you but does no damage.
You recover from your berserk rage.
Something completely misses you.
Items here: %% )) [.
Something completely misses you.
Things that are here:
a +0 robe; a +0 dagger; an orc skeleton Something hits you but does no damage.
Something hits you but does no damage.
9434 ||| Stepping ~*~*~tactically~*~*~ (stealth).
Something hits you. Something hits you but does no damage.
Things that are here:
a +0 robe; a +0 dagger; an orc skeleton
9435 ||| Stepping ~*~*~tactically~*~*~ (stealth).
Something hits you.
Items here: %% )) [.
9436 ||| FLEEEEING.
Something hits you but does no damage.
Things that are here:
a +0 robe; a +0 dagger; an orc skeleton
9437 ||| READING scroll of teleportation.
As you read the scroll of teleportation, it crumbles to dust.
You feel strangely unstable. Something hits you!
You die...

. .#....#.........#.#####.# .
###.(#.##.#.........#.#####.#
.##..(# #.......#.####.#.#.....#
.)..H.# #....#..#.####.#.#.....#
..# #....#..#....#.#.#.....## #.#
##..?............#.....#. #.#
#...###.##.#.#.###.....## #.#
#..#.)...................
#C#######..#.##.@.y........######
#.#........#..#)##.#.....#.......
#.#.#..##..C....#...).<..#.######
#.#.#..###.#.##.#......#.#.######
....#.........#.#..###.#........#
....C......####.#..#............#
.....>...%...##.#..#.#.#........#
...........####.#..#.#.#........#
......%....####.#..#.###........#


You could see a killer bee.

Vanquished Creatures
  Prince Ribbit (D:7)
  2 shadows
  Eustachio (D:4)
  A water moccasin (D:5)
  A sky beast (D:6)
  An orc warrior (D:7)
  3 black bears
  2 ice beasts
  A centaur (D:6)
  3 ogres
  A phantom (D:5)
  Blork the orc (D:4)
  2 bullfrogs
  2 necrophages (D:6)
  A gnoll sergeant (D:6)
  12 scorpions
  4 killer bees (D:7)
  3 howler monkeys (D:7)
  A centaur zombie (Ossuary)
  3 human zombies (Ossuary)
  2 jellies (D:4)
  6 orc priests
  2 hounds (D:5)
  7 orc wizards
  3 scorpion zombies (Ossuary)
  3 mummies (Ossuary)
  Robin (D:4)
  2 adders (D:2)
  3 gnolls (D:6)
  A white imp (D:5)
  2 ufetubi
  3 worms
  4 dart slugs
  12 orcs
  6 ball pythons
  6 bats
  3 endoplasms
  6 giant cockroaches
  3 gnoll zombies (Ossuary)
  15 goblins
  8 hobgoblins
  4 kobolds
  5 quokkas
  3 frilled lizards
  3 goblin zombies (Ossuary)
  2 hobgoblin zombies (Ossuary)
  2 kobold zombies (Ossuary)
  4 orc zombies (Ossuary)
  6 rats
173 creatures vanquished.

Notes
Turn   | Place    | Note
-------+----------+-------------------------------------------
     0 | D:1      | qw the Minotaur Berserker began the quest for the Orb.
     0 | D:1      | Reached XP level 1. HP: 19/19 MP: 0/0
     0 | D:1      | 0 ||| qw: Version: 0.1-a-119-g272c26d
     0 | D:1      | 0 ||| qw: Game counter: 10709
     0 | D:1      | 0 ||| qw: Always use a shield: true
     0 | D:1      | 0 ||| qw: Do Orc after D:15 true
     0 | D:1      | 0 ||| qw: Do second Lair branch before Depths: true
     0 | D:1      | 0 ||| qw: Lair rune preference: random
     0 | D:1      | 0 ||| qw: Plans: Normal
     0 | D:1      | 0 ||| PLANNING D:1-11
   192 | D:1      | Reached skill level 4 in Axes
   214 | D:1      | 214 ||| Stepping ~*~*~tactically~*~*~ (stealth).
   215 | D:1      | 215 ||| Stepping ~*~*~tactically~*~*~ (stealth).
   231 | D:1      | Reached XP level 2. HP: 16/26 MP: 1/1
   394 | D:1      | 394 ||| DROPPING +0 club.
   530 | D:1      | 530 ||| SWAPPING to +0 war axe.
   531 | D:1      | 531 ||| DROPPING +0 hand axe.
   920 | D:1      | 920 ||| UPGRADING to +0 pair of boots.
   925 | D:1      | 925 ||| UPGRADING to +0 pair of gloves.
   930 | D:1      | 930 ||| DROPPING amulet of faith.
   931 | D:1      | 931 ||| READING 2 scrolls labelled YNOENU XICO.
   932 | D:1      | 932 ||| READING 3 scrolls labelled BITIUQITR ZUCI.
   933 | D:1      | 933 ||| READING scroll labelled ZUKUER HAUNT.
   934 | D:1      | 934 ||| READING scroll labelled FYB FAUKAREILO.
   935 | D:1      | 935 ||| DRINKING 2 golden potions.
   936 | D:1      | 936 ||| READING 2 scrolls of identify.
   936 | D:1      | 936 ||| IDENTIFYING bubbling white potion
   937 | D:1      | 937 ||| DROPPING scroll of immolation.
   938 | D:1      | 938 ||| Stepping randomly (stuck).
   939 | D:1      | 939 ||| Stepping ~*~*~tactically~*~*~ (cloud).
  1334 | D:2      | 1334 ||| Stepping ~*~*~tactically~*~*~ (stealth).
  1339 | D:2      | Reached skill level 5 in Axes
  1339 | D:2      | Reached XP level 3. HP: 29/31 MP: 2/2
  1388 | D:2      | 1388 ||| Stepping ~*~*~tactically~*~*~ (stealth).
  1822 | D:2      | 1822 ||| INVOKING Berserk.
  2152 | D:2      | 2152 ||| READING scroll labelled JEMOAKK ZIAMN.
  2155 | D:2      | 2155 ||| READING scroll labelled INIGISTR GIAPLI.
  2156 | D:2      | 2156 ||| READING scroll labelled FUNTOD MED EGI.
  2190 | D:3      | 2190 ||| Stepping ~*~*~tactically~*~*~ (stealth).
  2194 | D:3      | 2194 ||| Stepping ~*~*~tactically~*~*~ (stealth).
  2214 | D:3      | 2214 ||| FLEEEEING.
  2215 | D:3      | 2215 ||| FLEEEEING.
  2216 | D:3      | 2216 ||| FLEEEEING.
  2217 | D:3      | 2217 ||| FLEEEEING.
  2218 | D:3      | 2218 ||| FLEEEEING.
  2393 | D:3      | Found a runed translucent door.
  2448 | D:3      | 2448 ||| INVOKING Berserk.
  2453 | D:3      | Reached skill level 1 in Throwing
  2453 | D:3      | Reached XP level 4. HP: 39/39 MP: 3/3
  2459 | D:3      | Reached skill level 6 in Axes
  2588 | D:3      | 2588 ||| Stepping ~*~*~tactically~*~*~ (stealth).
  2882 | D:3      | 2882 ||| Stepping ~*~*~tactically~*~*~ (hiding).
  3146 | D:3      | Reached ** piety under Trog
  3302 | D:3      | Noticed qw's ghost (amateur MiBe)
  3304 | D:3      | 3304 ||| UPGRADING to +0 leather armour.
  3314 | D:3      | 3314 ||| DROPPING +0 animal skin.
  3315 | D:3      | 3315 ||| UPGRADING to +0 scale mail.
  3325 | D:3      | 3325 ||| DROPPING +0 leather armour.
  3326 | D:3      | 3326 ||| DROPPING ring of flight.
  3327 | D:3      | 3327 ||| READING 2 scrolls labelled ECOMOE ZUENECOBB.
  3328 | D:3      | 3328 ||| DROPPING scroll of fog.
  3347 | D:4      | Noticed Blork the orc
  3347 | D:4      | Found a staircase to the Ecumenical Temple.
  3348 | D:4      | 3348 ||| STAIRDANCE
  3353 | D:4      | 3353 ||| INVOKING Berserk.
  3355 | D:4      | Killed Blork the orc
  3356 | D:4      | Reached skill level 7 in Axes
  3356 | D:4      | Reached XP level 5. HP: 45/45 MP: 4/4
  3455 | D:4      | Noticed Eustachio
  3456 | D:4      | Noticed an ogre
  3459 | D:4      | 3459 ||| INVOKING Berserk.
  3464 | D:4      | Killed an ogre
  3465 | D:4      | Reached XP level 6. HP: 55/55 MP: 5/5
  3471 | D:4      | Killed Eustachio
  3472 | D:4      | Reached skill level 8 in Axes
  3567 | D:4      | 3567 ||| Stepping ~*~*~tactically~*~*~ (stealth).
  3569 | D:4      | 3569 ||| Stepping ~*~*~tactically~*~*~ (hiding).
  3570 | D:4      | 3570 ||| Stepping ~*~*~tactically~*~*~ (hiding).
  3586 | D:4      | 3586 ||| INVOKING Berserk.
  3699 | D:4      | 3699 ||| FLEEEEING.
  3831 | D:4      | 3831 ||| INVOKING Berserk.
  3991 | D:4      | 3991 ||| INVOKING Berserk.
  4234 | D:4      | Noticed Robin
  4241 | D:4      | Reached XP level 7. HP: 57/60 MP: 6/6
  4241 | D:4      | 4241 ||| INVOKING Berserk.
  4245 | D:4      | Killed Robin
  4508 | D:4      | 4508 ||| UPGRADING to +0 chain mail.
  4518 | D:4      | 4518 ||| DROPPING +0 scale mail.
  4519 | D:4      | 4519 ||| UPGRADING to ring of willpower.
  4520 | D:4      | 4520 ||| READING scroll labelled KEPPOT XYOD.
  4521 | D:4      | 4521 ||| READING scroll labelled WAKI BORAI.
  4522 | D:4      | 4522 ||| READING scroll labelled BUSAIJ EPP.
  4523 | D:4      | 4523 ||| DRINKING 2 black potions.
  4524 | D:4      | 4524 ||| DRINKING 2 grey potions.
  4525 | D:4      | 4525 ||| DROPPING potion of degeneration.
  4556 | D:5      | Entered Level 5 of the Dungeon
  4557 | D:5      | 4557 ||| PLANNING SEWER
  4593 | D:5      | 4593 ||| INVOKING Berserk.
  4735 | D:5      | Reached skill level 9 in Axes
  4754 | D:5      | 4754 ||| Stepping ~*~*~tactically~*~*~ (hiding).
  4893 | D:5      | Found an iron altar of Okawaru.
  4895 | D:5      | 4895 ||| INVOKING Berserk.
  5259 | D:5      | 5259 ||| INVOKING Berserk.
  5261 | D:5      | Reached skill level 10 in Axes
  5261 | D:5      | Reached XP level 8. HP: 36/69 MP: 7/7
  5316 | D:5      | 5316 ||| RIP SEWER
  5467 | D:5      | 5467 ||| PLANNING D:1-11
  5523 | D:5      | 5523 ||| INVOKING Berserk.
  5527 | D:5      | Reached skill level 6 in Fighting
  5749 | D:5      | 5749 ||| INVOKING Berserk.
  5860 | D:5      | 5860 ||| DROPPING amulet of magic regeneration.
  5861 | D:5      | 5861 ||| READING scroll of teleportation.
  6048 | D:6      | 6048 ||| PLANNING OSSUARY
  6066 | D:6      | 6066 ||| Stepping ~*~*~tactically~*~*~ (hiding).
  6219 | D:6      | 6219 ||| DROPPING +0 whip.
  6348 | D:6      | 6348 ||| READING scroll of enchant armour.
  6348 | D:6      | 6348 ||| ENCHANTING +0 pair of gloves.
  6411 | D:6      | Found a sand-covered staircase.
  6412 | D:6      | 6412 ||| UPGRADING to +0 kite shield.
  6417 | D:6      | 6417 ||| READING scroll labelled BODALU KIHY.
  6524 | Ossuary  | Entered an ossuary
  6534 | Ossuary  | 6534 ||| Stepping ~*~*~tactically~*~*~ (stealth).
  6540 | Ossuary  | Reached skill level 1 in Shields
  6631 | Ossuary  | 6631 ||| Stepping ~*~*~tactically~*~*~ (stealth).
  6643 | Ossuary  | 6643 ||| Stepping ~*~*~tactically~*~*~ (stealth).
  6650 | Ossuary  | Reached skill level 3 in Shields
  6867 | Ossuary  | 6867 ||| READING scroll of enchant armour.
  6867 | Ossuary  | 6867 ||| ENCHANTING +1 pair of gloves.
  6910 | Ossuary  | 6910 ||| Stepping ~*~*~tactically~*~*~ (stealth).
  6919 | Ossuary  | Reached skill level 6 in Shields
  6931 | Ossuary  | 6931 ||| Stepping ~*~*~tactically~*~*~ (stealth).
  6954 | Ossuary  | 6954 ||| Stepping ~*~*~tactically~*~*~ (stealth).
  6993 | Ossuary  | Reached XP level 9. HP: 75/75 MP: 8/8
  7032 | Ossuary  | 7032 ||| Stepping ~*~*~tactically~*~*~ (stealth).
  7045 | Ossuary  | Reached *** piety under Trog
  7047 | Ossuary  | Reached skill level 11 in Axes
  7066 | Ossuary  | 7066 ||| READING scroll of enchant armour.
  7066 | Ossuary  | 7066 ||| ENCHANTING +0 pair of boots.
  7072 | Ossuary  | 7072 ||| READING scroll labelled TEFRER WACLI.
  7073 | Ossuary  | 7073 ||| READING scroll labelled LEFYDORCHOG.
  7074 | Ossuary  | 7074 ||| DRINKING 3 coppery potions.
  7135 | D:6      | 7135 ||| PLANNING D:1-11
  7137 | D:6      | 7137 ||| Stepping ~*~*~tactically~*~*~ (hiding).
  7142 | D:6      | 7142 ||| INVOKING Berserk.
  7284 | D:6      | 7284 ||| DROPPING +0 flail.
  7453 | D:6      | 7453 ||| Stepping ~*~*~tactically~*~*~ (stealth).
  7455 | D:6      | 7455 ||| Stepping ~*~*~tactically~*~*~ (hiding).
  7475 | D:6      | 7475 ||| Stepping ~*~*~tactically~*~*~ (stealth).
  7477 | D:6      | 7477 ||| Stepping ~*~*~tactically~*~*~ (stealth).
  7479 | D:6      | 7479 ||| Stepping ~*~*~tactically~*~*~ (hiding).
  7486 | D:6      | 7486 ||| INVOKING Berserk.
  7601 | D:6      | 7601 ||| INVOKING Berserk.
  8115 | D:6      | 8115 ||| INVOKING Berserk.
  8371 | D:6      | 8371 ||| Stepping ~*~*~tactically~*~*~ (stealth).
  8386 | D:6      | Reached skill level 12 in Axes
  8525 | D:6      | 8525 ||| UPGRADING to amulet of reflection.
  8530 | D:6      | 8530 ||| UPGRADING to ring of protection from fire.
  8531 | D:6      | 8531 ||| READING scroll labelled TUTU PIABROAPU.
  8531 | D:6      | Identified a scroll of acquirement
  8531 | D:6      | 8531 ||| ACQUIRING +0 broad axe of freezing
  8531 | D:6      | Acquired a +0 broad axe of freezing
  8533 | D:6      | 8533 ||| SWAPPING to +0 broad axe of freezing.
  8534 | D:6      | 8534 ||| DROPPING +0 war axe.
  8535 | D:6      | 8535 ||| DRINKING 2 orange potions.
  8536 | D:6      | 8536 ||| DROPPING potion of flight.
  8583 | D:7      | 8583 ||| DROPPING +2 vorpal war axe.
  8604 | D:7      | 8604 ||| Stepping ~*~*~tactically~*~*~ (stealth).
  8685 | D:7      | 8685 ||| Stepping ~*~*~tactically~*~*~ (stealth).
  8688 | D:7      | Noticed Prince Ribbit
  8695 | D:7      | 8695 ||| INVOKING Berserk.
  8697 | D:7      | Killed Prince Ribbit
  8698 | D:7      | Reached skill level 6 in Armour
  9088 | D:7      | 9088 ||| Stepping ~*~*~tactically~*~*~ (hiding).
  9092 | D:7      | 9092 ||| INVOKING Berserk.
  9099 | D:7      | 9099 ||| Stepping ~*~*~tactically~*~*~ (stealth).
  9133 | D:7      | 9133 ||| FLEEEEING.
  9134 | D:7      | 9134 ||| FLEEEEING.
  9135 | D:7      | 9135 ||| FLEEEEING.
  9136 | D:7      | 9136 ||| FLEEEEING.
  9139 | D:7      | 9139 ||| FLEEEEING.
  9140 | D:7      | 9140 ||| FLEEEEING.
  9141 | D:7      | 9141 ||| STAIRDANCE
  9199 | D:6      | 9199 ||| READING 2 scrolls of identify.
  9199 | D:6      | 9199 ||| IDENTIFYING bubbling silvery potion
  9203 | D:7      | 9203 ||| INVOKING Berserk.
  9336 | D:7      | Reached XP level 10. HP: 86/86 MP: 9/9
  9397 | D:7      | 9397 ||| INVOKING Berserk.
  9400 | D:7      | Reached skill level 9 in Shields
  9405 | D:7      | Noticed a manticore
  9406 | D:7      | 9406 ||| Stepping ~*~*~tactically~*~*~ (stealth).
  9411 | D:7      | Noticed a cyclops
  9412 | D:7      | 9412 ||| FLEEEEING.
  9413 | D:7      | 9413 ||| FLEEEEING.
  9414 | D:7      | 9414 ||| FLEEEEING.
  9415 | D:7      | 9415 ||| FLEEEEING.
  9416 | D:7      | 9416 ||| FLEEEEING.
  9417 | D:7      | 9417 ||| FLEEEEING.
  9418 | D:7      | 9418 ||| FLEEEEING.
  9419 | D:7      | 9419 ||| FLEEEEING.
  9421 | D:7      | HP: 20/86 [something (9)]
  9426 | D:7      | 9426 ||| FLEEEEING.
  9426 | D:7      | HP: 14/86 [something (7)]
  9427 | D:7      | 9427 ||| FLEEEEING.
  9434 | D:7      | 9434 ||| Stepping ~*~*~tactically~*~*~ (stealth).
  9434 | D:7      | HP: 8/86 [something (1)]
  9435 | D:7      | 9435 ||| Stepping ~*~*~tactically~*~*~ (stealth).
  9436 | D:7      | 9436 ||| FLEEEEING.
  9437 | D:7      | 9437 ||| READING scroll of teleportation.
  9437 | D:7      | Slain by an unseen horror

Levels and vault maps discovered:
D:1:      tarquinn_simple_flora_water_a, layout_rooms, kennysheep_doodads,
          st_stairs_12
D:2:      layout_basic
D:3:      layout_loops_corners, ebering_ghost_reflecting_pool
D:4:      layout_rooms, minmay_temple_entry_poolview, uniq_robin,
          uniq_blork_the_orc, uniq_eustachio
D:5:      layout_loops_ring, kennysheep_okawaru_gauntlet,
          cheibrodos_sewer_entry_bend, amcnicky_mini_corridor_feature,
          grunt_ministairs_14
D:6:      layout_basic, nicolae_ossuary_entry_monument,
          kennysheep_generic_room_6
D:7:      minmay_blocky_corners, layout_basic, uniq_prince_ribbit1

Skill      XL: |  1  2  3  4  5  6  7  8  9 10 |
---------------+-------------------------------+-----
Axes           | 4 5 7 8 10 12 | 12.1
Throwing       | 1 2 |  2.6
Fighting       | 4 5 6 7 |  7.3
Armour         | 4 6 |  6.0
Shields        | 7 8 9 |  9.0
Dodging        | |  2.1

Action                   |  1- 3 |  4- 6 |  7- 9 | 10-12 || total
-------------------------+-------+-------+-------+-------++-------
Melee: Hand axe          |    33 |       |       |       ||    33
       Headbutt          |    11 |     4 |    62 |     2 ||    79
       War axe           |    58 |    63 |   243 |       ||   364
       Punch             |       |     1 |       |       ||     1
       Broad axe         |       |       |    42 |     7 ||    49
Throw: Javelin           |     1 |    20 |    37 |     2 ||    60
       Boomerang         |       |       |     3 |       ||     3
Invok: Berserk           |     2 |     5 |    13 |     1 ||    21
  Use: Scroll            |     8 |     1 |    12 |     1 ||    22
       Potion            |     1 |       |     4 |       ||     5
Armor: Animal skin       |    22 |     1 |       |       ||    23
       Scale mail        |       |    15 |     1 |       ||    16
       Chain mail        |       |       |   120 |    19 ||   139
Dodge: Dodged            |    51 |    34 |    57 |     4 ||   146
Block: Kite shield       |       |       |   102 |    10 ||   112
       Reflection        |       |       |       |     1 ||     1

Table legend:
 A = Non-vault XP
 B = Vault XP
 C = Vault XP percentage of total XP
 D = Non-vault monster count
 E = Vault monster count
 F = Vault count percentage of total count
                 A         B        C        D         E       F
            +---------+---------+-------+---------+---------+-------
      Total |    3231 |    2512 |  43.7 |     114 |      59 |  34.1
            +---------+---------+-------+---------+---------+-------
        D:1 |      23 |       2 |   8.0 |      13 |       2 |  13.3
        D:2 |      46 |       0 |   0.0 |      11 |       0 |   0.0
        D:3 |     112 |       0 |   0.0 |      24 |       0 |   0.0
        D:4 |     240 |     343 |  58.8 |      21 |      15 |  41.7
        D:5 |     698 |     282 |  28.8 |       9 |       3 |  25.0
        D:6 |    1093 |     208 |  16.0 |      21 |       2 |   8.7
        D:7 |    1019 |     413 |  28.8 |      15 |       2 |  11.8
    Ossuary |       0 |    1264 | 100.0 |       0 |      35 | 100.0
            +---------+---------+-------+---------+---------+-------
